Map: Jagannatha LE

Players

Armani

  • Race: Zerg Zerg
  • Spawn Location: 1:00

RagnaroK (SHIN) - Winner!

  • Race: Zerg Zerg
  • Spawn Location: 7:00

Event: IEM Katowice 2021

VOD

Have the link to the VOD?

Description

Time

  • Played on: Feb. 21, 2021, 1:35 p.m.
  • Length: 9:42

All games in this series

Show
View Real Time Build Order
Export as new Build Order

Armani Zerg 

Build Orders: Hatch First 

Get SALT Encoding   

  12  0:00  Drone  
  13  0:12  Overlord  
  13  0:17  Drone  
  14  0:30  Drone x2  
  16  0:47  Hatchery  
  15  0:52  Drone  
  15  0:56  Drone  
  17  1:00  Drone  
  18  1:10  Extractor  
  17  1:14  Spawning Pool  
  17  1:17  Drone  
  17  1:20  Drone  
  18  1:28  Drone  
  20  2:01  Zergling x8, Queen  
  20  2:02  Queen  
  27  2:14  Zergling x2  
  28  2:28  Zergling x2  
  28  2:29  Drone  
  28  2:42  Metabolic Boost  
  28  2:48  Overlord  
  28  2:54  Overlord  
  28  3:08  Drone x2  
  28  3:09  Drone x3  
  28  3:11  Drone  
  34  3:24  Spine Crawler  
  34  3:25  Zergling x6  
  35  3:31  Zergling x4  
  37  3:36  Zergling x4  
  40  3:50  Hatchery  
  40  3:54  Zergling x6  
  42  3:56  Overlord  
  42  4:08  Overlord  
  42  4:10  Overlord, Drone  
  42  4:15  Evolution Chamber  
  42  4:21  Hatchery, Drone  
  42  4:23  Drone x2  
  42  4:24  Drone  
  40  4:28  Drone  
  40  4:30  Drone  
  37  4:33  Zergling x4  
  36  4:41  Zerg Missile Weapons Level 1  
  36  4:46  Queen  
  36  4:49  Drone  
  36  4:50  Drone  
  40  4:53  Drone  
  40  4:54  Drone x2  
  43  5:00  Drone  
  44  5:10  Roach Warren  
  44  5:11  Lair  
  44  5:14  Extractor  
  42  5:16  Extractor, Drone x3  
  44  5:24  Queen  
  47  5:28  Drone x4  
  47  5:30  Drone  
  51  5:39  Drone x4  
  51  5:41  Drone  
  51  5:42  Extractor, Drone  
  56  5:44  Overlord  
  56  5:50  Roach x2  
  56  5:56  Roach x2  
  69  6:04  Roach x4  
  69  6:10  Overseer  
  71  6:12  Glial Reconstitution  
  71  6:14  Overlord  
  71  6:16  Overlord  
  75  6:28  Drone x5  
  80  6:34  Queen  
  80  6:35  Queen  
  80  6:38  Drone  
  80  6:39  Drone x2  
  83  6:40  Overseer  
  83  6:41  Drone  
  83  6:43  Drone  
  83  6:44  Drone  
  86  6:48  Drone, Spore Crawler  
  86  6:50  Spore Crawler  
  86  6:53  Spore Crawler  
  84  6:56  Spore Crawler  
  83  7:03  Drone x5  
  83  7:04  Overlord  
  83  7:07  Overlord  
  88  7:11  Zerg Missile Weapons Level 2  
  88  7:16  Drone  
  88  7:17  Drone  
  88  7:20  Overlord  
  90  7:25  Drone, Infestation Pit  
  90  7:28  Extractor  
  90  7:29  Overlord x2, Extractor  
  88  7:31  Drone x3  
  88  7:32  Drone  
  88  7:35  Roach x2  
  96  7:39  Roach x2  
  96  7:43  Drone x3  
  103  7:45  Overlord  
  103  7:47  Overlord  
  103  7:51  Roach x2  
  106  7:55  Roach  
  106  7:56  Roach x2  
  112  8:00  Ravager x6  
  112  8:05  Roach x4  
  126  8:11  Roach x3  
  132  8:13  Overlord  
  132  8:15  Overlord  
  132  8:21  Roach x3  
  132  8:23  Overseer  
  132  8:25  Overlord  
  138  8:27  Overlord  
  138  8:34  Roach x5  
  146  8:46  Roach  
  146  8:47  Roach x4  
  156  8:49  Overlord  
  156  8:51  Ravager x3  
  156  8:54  Overlord  
  159  8:56  Roach x2  
  163  9:05  Overlord  
  163  9:06  Overlord x2  
  161  9:14  Roach x6  
  141  9:23  Roach x5  
  115  9:37  Roach Warren  
Show
View Real Time Build Order
Export as new Build Order

RagnaroK Zerg - Winner!

Build Orders: Pool First 

Get SALT Encoding   

  12  0:18  Spawning Pool  
  11  0:21  Drone  
  11  0:25  Drone  
  13  0:29  Drone  
  14  0:39  Overlord  
  14  1:05  Zergling x6  
  17  1:16  Zergling x2  
  18  1:19  Hatchery  
  17  1:26  Zergling x2  
  18  1:38  Zergling x2  
  18  1:39  Queen  
  21  1:48  Overlord  
  21  2:00  Drone  
  22  2:10  Drone  
  22  2:14  Queen  
  25  2:22  Drone  
  25  2:31  Drone x2  
  25  2:32  Queen  
  29  2:41  Drone  
  29  2:42  Drone  
  31  2:45  Drone  
  31  2:46  Drone x2  
  34  2:53  Overlord  
  34  2:55  Drone  
  35  3:06  Drone  
  35  3:08  Extractor  
  35  3:10  Queen  
  35  3:11  Overlord  
  37  3:16  Drone x2  
  37  3:18  Drone  
  40  3:20  Drone  
  40  3:22  Drone  
  40  3:25  Drone  
  43  3:30  Drone  
  43  3:31  Evolution Chamber  
  43  3:33  Drone  
  44  3:36  Drone  
  44  3:38  Drone  
  46  3:44  Roach Warren  
  46  3:46  Drone  
  46  3:47  Drone  
  47  3:49  Drone  
  47  3:54  Drone x2  
  50  3:57  Drone  
  50  3:58  Drone  
  50  4:01  Evolution Chamber  
  51  4:06  Extractor  
  51  4:08  Drone x2  
  52  4:12  Extractor  
  52  4:13  Lair  
  51  4:17  Overlord  
  49  4:25  Roach  
  49  4:30  Overlord, Drone x2  
  52  4:31  Overlord  
  52  4:35  Evolution Chamber  
  52  4:36  Overlord  
  52  4:37  Roach  
  50  4:40  Drone  
  50  4:41  Drone  
  52  4:47  Zerg Missile Weapons Level 1  
  52  4:50  Extractor, Drone  
  52  4:51  Drone x2  
  54  5:03  Roach  
  54  5:04  Roach x2  
  60  5:14  Hatchery  
  60  5:16  Overlord  
  59  5:21  Spire  
  59  5:22  Drone x3  
  61  5:29  Overlord  
  61  5:30  Glial Reconstitution  
  61  5:34  Overseer  
  61  5:37  Overlord  
  61  5:38  Roach  
  61  5:39  Roach  
  65  5:49  Roach x2  
  69  5:55  Drone  
  69  5:56  Drone x6  
  76  6:07  Drone x5  
  81  6:26  Extractor  
  81  6:32  Mutalisk x5  
  80  6:34  Drone x2  
  80  6:38  Drone x4  
  80  6:39  Extractor  
  95  6:41  Overlord  
  95  6:43  Zerg Missile Weapons Level 2  
  95  6:48  Overlord  
  95  6:52  Overlord  
  95  6:57  Zerg Ground Armor Level 1  
  95  7:00  Roach  
  95  7:01  Roach  
  99  7:08  Roach x4  
  107  7:10  Overlord  
  107  7:15  Roach x5  
  117  7:22  Roach x2  
  127  7:23  Roach x3  
  127  7:32  Roach  
  127  7:33  Roach x4, Overlord  
  127  7:35  Overlord  
  137  7:42  Overlord  
  137  7:44  Overlord  
  137  7:46  Overlord  
  137  7:53  Roach x4  
  137  7:56  Overlord  
  137  7:57  Roach x3  
  151  8:01  Roach  
  151  8:02  Roach  
  151  8:05  Roach x3  
  161  8:11  Roach x2  
  165  8:15  Ravager x5  
  165  8:16  Roach  
  165  8:18  Roach  
  165  8:19  Roach  
  176  8:27  Hatchery  
  176  8:29  Roach  
  176  8:33  Roach x3  
  183  8:37  Overlord  
  183  8:40  Roach  
  185  8:42  Overlord  
  185  8:44  Overlord  
  185  8:46  Overlord  
  183  8:53  Roach x2  
  183  8:54  Overlord  
  185  8:56  Roach x2  
  185  8:59  Roach  
  185  9:00  Roach  
  193  9:05  Roach x2  
  193  9:07  Roach x2  
  193  9:12  Roach x3  
  175  9:19  Roach x4  

Tags
 
Add a new tag
Caveats
  • Supply blocks, unpowered buildings, or Contaminate may cause inaccurate times.
  • Supply counts are checked every 10 seconds.